 Dungeon Crawl Stone Soup version 0.17.2-1-ge4368a0 (webtiles) character file.

126 Goblin1989 the Ducker (level 4, 0/22 HPs)
             Began as a Spriggan Gladiator on Sept 26, 2016.
             Slain by a river rat (4 damage)
             ... in a sewer.
             The game lasted 00:12:13 (943 turns).

Goblin1989 the Ducker (Spriggan Gladiator)           Turns: 943, Time: 00:12:13

Health: 0/22       AC:  3    Str: 16    XL:     4   Next: 84%
Magic:  5/5        EV: 22    Int:  9    God:
Gold:   117        SH:  0    Dex: 17    Spells: 0 memorised, 3 levels left

rFire  . . .     SeeInvis +     a - +0 rapier
rCold  + . .     Clarity  .     b - +0 robe
rNeg   . . .     SustAt   .     (shield restricted)
rPois  .         Gourm    .     k - +1 hat
rElec  .         Spirit   .     (no cloak)
rCorr  .         Warding  .     (gloves unavailable)
rMut   .         Stasis   .     (boots unavailable)
MR     .....                    (no amulet)
Stlth  +++.......               l - ring of flight
                                c - ring of protection from cold

@: mighty, very quick, not resistant to hostile enchantments, fairly stealthy
A: unfitting armour, see invisible, herbivore 3, speed 3, slow metabolism 2
a: Evoke Flight


You were in a sewer.
You were not hungry.

You visited 1 branch of the dungeon, and saw 4 of its levels.
You also visited: Sewer.

You collected 117 gold pieces.

Inventory:

Hand Weapons
 a - a +0 rapier (weapon)
Armour
 b - a +0 robe (worn)
 k - a +1 hat (worn)
Jewellery
 c - a ring of protection from cold (left hand)
 l - a ring of flight (right hand)
 m - an uncursed ring of positive energy
Scrolls
 f - a scroll of enchant armour
 h - a scroll of recharging {unknown}
 i - a scroll of fog {unknown}
 n - 2 scrolls of remove curse {@r2}
Potions
 d - 2 potions of might
 g - a potion of curing {unknown}
 j - 2 potions of haste {unknown}
 o - 2 potions of brilliance
 q - a potion of ambrosia {unknown}
 r - a potion of flight {unknown}
Comestibles
 e - a bread ration


   Skills:
 - Level 1.5 Fighting
 * Level 4.3 Short Blades
 - Level 2.0 Throwing
 * Level 6.6 Dodging
 + Level 2.7 Stealth


You had 3 spell levels left.
You didn't know any spells.

Dungeon Overview and Level Annotations

Branches:
Dungeon (4/15)
 Temple: D:4-7

Altars:
Vehumet
Zin

Annotations:
D:2 Jessica, Robin


Innate Abilities, Weirdness & Mutations

You are tiny and cannot use many weapons and most armour.
You have supernaturally acute eyesight.
You are a herbivore.
You cover ground extremely quickly.
You need consume almost no food.


Message History

Aim: a river rat (lightly wounded)
You throw a throwing net.
The throwing net completely misses the river rat.
The throwing net hits the rat.
The river rat barely misses you.
The rat struggles to escape the net.
The rat breaks free.
You closely miss the river rat.
The river rat is lightly wounded.
The river rat bites you.
You barely miss the river rat.
The river rat is lightly wounded.
The river rat bites you.
* * * LOW HITPOINT WARNING * * *
Drink which item? (? for menu, Esc to quit)
It was a potion of might.
You feel very mighty all of a sudden. The river rat completely misses you.
You hit the river rat.
The river rat is heavily wounded.
The river rat bites you.
You die... ਜਜਜ ..ਜ ਜ.ਜਜrਜਜਜਜ ਜ..r(ਜ.ਜ ਜਜਜਜਜrਜ ਜਜ@ਜਜ

ਜਜਜਜਜਜਜਜਜਜਜ.ਜਜਜਜਜਜ
≈≈≈≈ਜ≈≈.≈....≈.≈...
≈≈≈≈ਜ≈≈..≈†≈≈.≈≈..≈
ਜਜਜਜਜਜਜ≈ਜਜਜਜਜਜਜਜਜਜਜ
ਜ.ਜਜ ਜ.ਜ ਜਜ.ਜਜ.ਜ
ਜਜਜ.ਜ.ਜ ਜ..ਜ.ਜ


You could see a river rat.

Vanquished Creatures
  An iguana (D:4)
  4 adders
  2 river rats (Sewer)
  A giant gecko (D:2)
  6 hobgoblins
  2 jackals (D:2)
  A quokka (D:3)
  4 ball pythons
  4 bats
  7 giant newts
  4 goblins
  5 kobolds
  8 rats
49 creatures vanquished.

Notes
Turn   | Place    | Note
--------------------------------------------------------------
     0 | D:1      | Goblin1989 the Spriggan Gladiator began the quest for the Orb.
     0 | D:1      | Reached XP level 1. HP: 10/10 MP: 2/2
    93 | D:1      | Reached skill level 1 in Stealth
   102 | D:1      | Reached XP level 2. HP: 11/14 MP: 3/3
   213 | D:2      | Noticed Robin
   366 | D:2      | Noticed Jessica
   373 | D:2      | Reached skill level 5 in Dodging
   430 | D:2      | Reached XP level 3. HP: 11/18 MP: 4/4
   528 | D:3      | Found a radiant altar of Vehumet.
   765 | D:3      | Reached XP level 4. HP: 6/22 MP: 5/5
   782 | D:2      | Found a glowing silver altar of Zin.
   841 | D:4      | Reached skill level 6 in Dodging
   868 | D:4      | Found a glowing drain.
   876 | Sewer    | Entered a sewer
   943 | Sewer    | Slain by a river rat

Action                   |  1- 3 |  4- 6 || total
-------------------------+-------+-------++-------
Melee: Rapier            |   110 |    33 ||   143
Throw: Throwing net      |     9 |     5 ||    14
  Use: Scroll            |       |     4 ||     4
       Potion            |       |     1 ||     1
 Stab: Sleeping          |     3 |     1 ||     4
       Held in net/web   |     2 |     2 ||     4

Vault maps used:
D:1:      moated_graveyard_arrival
D:2:      zin_scriptorium, first_bread, minivault_26, uniq_jessica, uniq_robin
D:3:      old_standard_altar, grunt_ministairs_1
D:4:      lemuel_round_altar, kennysheep_mini, tgw_trog,
          nemelex_xobeh_ov_fountains_minmay, lightli_sewer_entry_pipes,
          serial_shops, shop, hangedman_abyss_or_decor_passed, uniq_grinder
Sewer:    sewer_co_cracked_pipes
